 Dungeon Crawl Stone Soup version 0.27-a0-416-gca2cecf3c0 (webtiles) character file.

Game seed: 11155048860453462864

36 sahdkjhfkaj the Insei (level 3, 0/28 HPs)
             Began as a Barachi Transmuter on Feb 24, 2021.
             Slain by a kobold (3 damage)
             ... on level 1 of the Dungeon.
             The game lasted 00:01:34 (801 turns).

sahdkjhfkaj the Insei (Barachi Transmuter)           Turns: 801, Time: 00:01:35

Health: 0/28       AC:  8    Str: 12    XL:     3   Next: 37%
Magic:  6/6        EV:  6    Int: 13    God:
Gold:   52         SH:  0    Dex: 18    Spells: 2/6 levels left

rFire    . . .     SeeInvis .     - Unarmed
rCold    . . .     Faith    .   (no shield)
rNeg     . . .     Spirit   .   c - +0 chain mail
rPois    .         Reflect  .   (no helmet)
rElec    .         Harm     .   (no cloak)
rCorr    .         Rampage  .   (no gloves)
Will     .....                  (no boots)
Stlth    ..........             (no amulet)
HPRegen  0.09/turn              b - +6 ring of dexterity
MPRegen  0.10/turn              (no ring)

@: lethally poisoned (0 -> -5), can't hop, flying, slow
A: +LOS, swims, slowness 1, strong legs 1
a: Hop


You were on level 1 of the Dungeon.
You visited 1 branch of the dungeon, and saw 2 of its levels.

You collected 52 gold pieces.

Inventory:

Armour
 a - a +0 robe
 c - a +0 chain mail (worn)
Jewellery
 b - a +6 ring of dexterity (left hand)


   Skills:
 - Level 2.6 Fighting
 - Level 2.1 Dodging
 - Level 4.0 Unarmed Combat
 + Level 2.3 Spellcasting
 + Level 2.3 Transmutations
 + Level 0.4 Poison Magic


You had 2 spell levels left.
You knew the following spells:

 Your Spells              Type           Power        Failure   Level
a - Beastly Appendage     Tmut           14%          99%         1
x - Spider Form           Tmut/Pois      2%           100%        3

Your spell library contained the following spells:

 Spells                   Type           Power        Failure   Level
 Wereblood                Tmut           7%           100%        2
 Ice Form                 Ice/Tmut       4%           100%        4
 Blade Hands              Tmut           3%           100%        5


Dungeon Overview and Level Annotations

Branches:
Dungeon (2/15)

Altars:


Innate Abilities, Weirdness & Mutations

You can be seen from farther away. (+LOS)
You can swim through water.
You cover ground slowly.
You can hop short distances.


Message History

* * * LOW HITPOINT WARNING * * *
You feel sick. The bat barely misses you. The kobold hits you.
* * * LOW HITPOINT WARNING * * *
There is a stone staircase leading up here.
* * * LOW HITPOINT WARNING * * *
You feel sick. The bat hits you but does no damage.
The adder barely misses you. The goblin hits you but does no damage.
The adder bites you but does no damage. The kobold hits you but does no damage.
You climb upwards.
* * * LOW HITPOINT WARNING * * *
You feel sick.
There is a stone staircase leading down here.
Unknown command.
Unknown command.
Unknown command.
Your chain mail prevents you from hitting the adder.
* * * LOW HITPOINT WARNING * * *
You feel sick. The goblin hits you with a +0 dagger.
* * * LOW HITPOINT WARNING * * *
The adder bites you but does no damage. The kobold barely misses you.
Hop to where?
Press: ? - help, Dir - move target Boing!
Unknown command.
Unknown command.
Really quaff
d - a fuming coppery potion {!q}?
It was a potion of flight {!q}.
You feel very buoyant.
You fly up into the air.
* * * LOW HITPOINT WARNING * * *
You feel sick.
You hit the adder but do no damage. The adder bites you but does no damage.
The bat hits you but does no damage. The kobold hits you but does no damage.
The adder bites you but does no damage.
Unknown command.
You miss the adder.
* * * LOW HITPOINT WARNING * * *
You feel sick. The bat completely misses you. The adder barely misses you.
The kobold hits you.
You die...

##.#
#.##.##)...####.#...#.####
+..# #.##..†.####
#...###÷# #..###....)..#
#...)...####
##.#...#####.#
#.####.....### #.....##
#.#######.# #.###..).
#..##.# #>.....#..# #.#
##### #..##.#
##.......#####.# ......#
#..Kb.#####...# #######
#.gS@.# ##..### #
##....###..## ##
#........## .# #.....####
## #.....# #....## #....#
#....# #....#


You could see an adder, a goblin, a bat and a kobold.

Vanquished Creatures
  5 bats (D:1)
  4 giant cockroaches (D:1)
  4 goblins (D:1)
  3 hobgoblins (D:1)
  4 jackals (D:1)
  2 kobolds (D:1)
  3 frilled lizards (D:1)
  7 rats (D:1)
32 creatures vanquished.

Notes
Turn   | Place    | Note
-------+----------+-------------------------------------------
     0 | D:1      | sahdkjhfkaj the Barachi Transmuter began the quest for the
                  | Orb.
     0 | D:1      | Reached XP level 1. HP: 15/15 MP: 3/3
   197 | D:1      | Reached XP level 2. HP: 21/22 MP: 5/5
   516 | D:1      | Reached XP level 3. HP: 26/28 MP: 6/6
   521 | D:1      | Reached skill level 4 in Unarmed Combat
   536 | D:1      | Learned a level 3 spell: Spider Form
   801 | D:1      | Slain by a kobold

Illustrated notes

Levels and vault maps discovered:
D:1:      minmay_arrival_shattered_statue, layout_rooms
D:2:      layout_rooms, lemuel_coloured_pillars_altar, bloody_trog

Skill      XL: |  1  2  3 |
---------------+----------+-----
Fighting       | 2 |  2.6
Unarmed Combat | 4 |  4.0
Dodging        | |  2.1
Spellcasting   | |  2.3
Transmutations | |  2.3
Poison Magic   | |  0.4

Action                   || total
-------------------------++-------
Melee: Unarmed           ||   133
       Punch             ||     2
 Abil: Hop               ||     1
  Use: Potion            ||     1
Armor: Chain mail        ||   143
       Robe              ||     2
Dodge: Dodged            ||    56

Table legend: (Time is in decaauts)
 A = Elapsed time spent in this place.
 B = Non-inter-level travel time spent in this place.
 C = Inter-level travel time spent in this place.
 D = Time resting spent in this place.
 E = Time spent auto-exploring this place.
 F = Levels seen in this place.
 G = Mean time per level.
                   A        B        C        D        E       F      G
               +--------+--------+--------+--------+--------+-----+--------+
         Total |    866 |    850 |     16 |    107 |    488 |   2 |  433.0 |
       Dungeon |    866 |    850 |     16 |    107 |    488 |   2 |  433.0 |
               +--------+--------+--------+--------+--------+-----+--------+

Top non-repeatable levels by time:
     D:1: 849 daAuts
     D:2: 17 daAuts
